| TOP OF THE 1ST |
|
University of Nebraska Cornhuskers batting - Pitching for Arizona State University Sun Devils : RHP Vogte Brown
|
|
Pitching: RHP Vogte Brown
|
|
|
Batting: RHB Carlos Salazar
|
0-0: Called Strike 0-1: Called Strike 0-2: Ball 1-2: Ball 2-2: Fly out, F7 (Line Drive, 78M, EV 93.1 MPH)
|
|
Batting: SHB Gary Luckwell
|
0-0: Called Strike 0-1: Foul Ball, location: 2F 0-2: Ball 1-2: Ball 2-2: Strikes out looking
|
|
Batting: LHB Mike Rawson
|
0-0: Ball 1-0: Ground out 4-3 (Groundball, 4, EV 86.2 MPH)
|
| Top of the 1st over - 0 runs, 0 hits, 0 errors, 0 left on base; University of Nebraska 0 - Arizona State University 0 |
| BOTTOM OF THE 1ST |
|
Arizona State University Sun Devils batting - Pitching for University of Nebraska Cornhuskers : RHP Frank Saslove
|
|
Pitching: RHP Frank Saslove
|
|
|
Batting: RHB Rusty Gee
|
0-0: Called Strike 0-1: Ball 1-1: Ball 2-1: Called Strike 2-2: Strikes out looking
|
|
Batting: LHB Eric Russell
|
0-0: Called Strike 0-1: Fly out, F9 (Flyball, 89D, EV 90.0 MPH)
|
|
Batting: LHB Justin Vitali
|
0-0: Called Strike 0-1: Ball 1-1: Swinging Strike 1-2: Foul Ball, location: 2F 1-2: Ground out 4-3 (Groundball, 4, EV 87.5 MPH)
|
| Bottom of the 1st over - 0 runs, 0 hits, 0 errors, 0 left on base; University of Nebraska 0 - Arizona State University 0 |
| TOP OF THE 2ND |
|
University of Nebraska Cornhuskers batting - Pitching for Arizona State University Sun Devils : RHP Vogte Brown
|
|
Batting: RHB Matt Peters
|
0-0: Called Strike 0-1: Called Strike 0-2: Strikes out looking
|
|
Batting: RHB Danny Forbes
|
0-0: Called Strike 0-1: Ball 1-1: Fly out, F4 (Popup, 13S, EV 89.4 MPH)
|
|
Batting: LHB Kevin Brannon
|
0-0: Called Strike 0-1: Foul Ball, location: 2F 0-2: Ball 1-2: Strikes out swinging
|
| Top of the 2nd over - 0 runs, 0 hits, 0 errors, 0 left on base; University of Nebraska 0 - Arizona State University 0 |
| BOTTOM OF THE 2ND |
|
Arizona State University Sun Devils batting - Pitching for University of Nebraska Cornhuskers : RHP Frank Saslove
|
|
Pitching: RHP Jong-hoon Hahn
|
|
|
Batting: LHB Randy Marquez
|
0-0: Ball 1-0: Ball 2-0: Foul Ball, location: 2F 2-1: DOUBLE (Line Drive, 78D, EV 105.6 MPH)
|
|
Batting: LHB Dustin Gill
|
0-0: Fly out, F6 (Line Drive, 6, EV 73.8 MPH)
|
|
Batting: RHB Hervé Papin
|
0-0: Ball 1-0: SINGLE (Line Drive, 5D, EV 93.8 MPH) Randy Marquez to third
|
|
Batting: LHB Burraga Iukini
|
0-0: Called Strike 0-1: Ball 1-1: Fielders Choice at 2nd, 6-4 (Groundball, 6, EV 95.0 MPH) Randy Marquez scores
|
|
Batting: RHB Carl Evans
|
0-0: Called Strike 0-1: Swinging Strike 0-2: Strikes out swinging
|
| Bottom of the 2nd over - 1 run, 2 hits, 0 errors, 1 left on base; University of Nebraska 0 - Arizona State University 1 |
| TOP OF THE 3RD |
|
University of Nebraska Cornhuskers batting - Pitching for Arizona State University Sun Devils : RHP Vogte Brown
|
|
Batting: RHB Charlie Lutz
|
0-0: Ball 1-0: Foul Ball, location: 2F 1-1: Ground out 6-3 (Groundball, 6MD, EV 83.1 MPH)
|
|
Batting: SHB Andy Henn
|
0-0: Ball 1-0: Called Strike 1-1: Ball 2-1: Ball 3-1: Ground out 4-3 (Groundball, 4M, EV 87.5 MPH)
|
|
Batting: RHB Tariq Garane
|
0-0: Called Strike 0-1: Ground out 4-3 (Groundball, 4S, EV 66.2 MPH)
|
| Top of the 3rd over - 0 runs, 0 hits, 0 errors, 0 left on base; University of Nebraska 0 - Arizona State University 1 |
| BOTTOM OF THE 3RD |
|
Arizona State University Sun Devils batting - Pitching for University of Nebraska Cornhuskers : RHP Jong-hoon Hahn
|
|
Batting: LHB Timon Giorgiou
|
0-0: Fly out, F8 (Flyball, 8RS, EV 91.9 MPH)
|
|
Batting: RHB Rusty Gee
|
0-0: Swinging Strike 0-1: Called Strike 0-2: Ball 1-2: Foul Ball, location: 2F 1-2: Ball 2-2: Foul Ball, location: 2F 2-2: Ball 3-2: Base on Balls
|
|
Batting: LHB Eric Russell
|
0-0: Ball 1-0: Ball 2-0: Ball 3-0: Called Strike 3-1: Foul Ball, location: 2F 3-2: Fly out, F9 (Flyball, 9S, EV 84.4 MPH)
|
|
Batting: LHB Justin Vitali
|
0-0: Called Strike 0-1: Foul Ball, location: 2F 0-2: Ball 1-2: Foul Ball, location: 2F 1-2: Fly out, F8 (Flyball, 8RS, EV 83.1 MPH)
|
| Bottom of the 3rd over - 0 runs, 0 hits, 0 errors, 1 left on base; University of Nebraska 0 - Arizona State University 1 |
| TOP OF THE 4TH |
|
University of Nebraska Cornhuskers batting - Pitching for Arizona State University Sun Devils : RHP Vogte Brown
|
|
Batting: RHB Carlos Salazar
|
0-0: Ball 1-0: Fly out, F9 (Flyball, 9D, EV 103.8 MPH)
|
|
Batting: SHB Gary Luckwell
|
0-0: Foul Ball, location: 2F 0-1: Swinging Strike 0-2: Strikes out swinging
|
|
Batting: LHB Mike Rawson
|
0-0: Ball 1-0: Ball 2-0: Called Strike 2-1: Ball 3-1: Foul Ball, location: 2F 3-2: Base on Balls
|
|
Batting: RHB Matt Peters
|
0-0: Ball 1-0: Ball 2-0: SINGLE (Line Drive, 89S, EV 99.4 MPH) Mike Rawson to second Runner from 2nd tries for 3rd, SAFE, no throw by CF
|
|
Batting: RHB Danny Forbes
|
0-0: Ball 1-0: Ball 2-0: Called Strike 2-1: Foul Ball, location: 2F 2-2: Fielders Choice at 2nd, 5-4 (Groundball, 56, EV 97.5 MPH)
|
| Top of the 4th over - 0 runs, 1 hit, 0 errors, 2 left on base; University of Nebraska 0 - Arizona State University 1 |
| BOTTOM OF THE 4TH |
|
Arizona State University Sun Devils batting - Pitching for University of Nebraska Cornhuskers : RHP Jong-hoon Hahn
|
|
Batting: LHB Randy Marquez
|
0-0: Called Strike 0-1: Called Strike 0-2: Ball 1-2: Foul Ball, location: 2F 1-2: Ball 2-2: Ball 3-2: Base on Balls
|
|
Batting: LHB Dustin Gill
|
0-0: Called Strike 0-1: Ball 1-1: Called Strike 1-2: Strikes out looking
|
|
Batting: RHB Hervé Papin
|
0-0: Swinging Strike 0-1: Called Strike 0-2: Fly out, F5 (Popup, 5F, EV 70.6 MPH)
|
|
Batting: LHB Burraga Iukini
|
0-0: Foul Ball, location: 2F 0-1: Foul Ball, location: 2F 0-2: Ball 1-2: Fly out, F8 (Flyball, 8LM, EV 83.1 MPH)
|
| Bottom of the 4th over - 0 runs, 0 hits, 0 errors, 1 left on base; University of Nebraska 0 - Arizona State University 1 |
| TOP OF THE 5TH |
|
University of Nebraska Cornhuskers batting - Pitching for Arizona State University Sun Devils : RHP Vogte Brown
|
|
Batting: LHB Kevin Brannon
|
0-0: Swinging Strike 0-1: Fly out, F9 (Line Drive, 9, EV 94.4 MPH)
|
|
Batting: RHB Charlie Lutz
|
0-0: SINGLE (Groundball, 56S, EV 70.6 MPH) (infield hit)
|
|
Batting: SHB Andy Henn
|
0-0: Foul Ball, location: 2F 0-1: Swinging Strike 0-2: Foul Ball, location: 2F 0-2: Foul Ball, location: 2F 0-2: Ball 1-2: Foul Ball, location: 2F 1-2: Ball 2-2: Fly out, F5 (Popup, 56S, EV 73.8 MPH)
|
|
Batting: RHB Tariq Garane
|
0-0: Called Strike 0-1: Swinging Strike 0-2: Foul Ball, location: 2F 0-2: Ball 1-2: Strikes out looking
|
| Top of the 5th over - 0 runs, 1 hit, 0 errors, 1 left on base; University of Nebraska 0 - Arizona State University 1 |
| BOTTOM OF THE 5TH |
|
Arizona State University Sun Devils batting - Pitching for University of Nebraska Cornhuskers : RHP Jong-hoon Hahn
|
|
Batting: RHB Carl Evans
|
0-0: Ball 1-0: Fly out, F4 (Popup, 34S, EV 78.8 MPH)
|
|
Batting: LHB Timon Giorgiou
|
0-0: Ball 1-0: Called Strike 1-1: Foul Ball, location: 2F 1-2: Foul Ball, location: 2F 1-2: Ground out U3 (Groundball, 3S, EV 82.5 MPH)
|
|
Batting: RHB Rusty Gee
|
0-0: Foul Ball, location: 2F 0-1: Swinging Strike 0-2: Ball 1-2: Ball 2-2: Ground out 2-3 (Groundball, 13S, EV 72.5 MPH)
|
| Bottom of the 5th over - 0 runs, 0 hits, 0 errors, 0 left on base; University of Nebraska 0 - Arizona State University 1 |
| TOP OF THE 6TH |
|
University of Nebraska Cornhuskers batting - Pitching for Arizona State University Sun Devils : RHP Vogte Brown
|
|
Batting: RHB Carlos Salazar
|
0-0: Ground out 4-3 (Groundball, 4, EV 97.5 MPH)
|
|
Batting: SHB Gary Luckwell
|
0-0: Ball 1-0: Foul Ball, location: 2F 1-1: Ball 2-1: Called Strike 2-2: Ball 3-2: Ground out 3-1 (Groundball, 34, EV 108.8 MPH)
|
|
Batting: LHB Mike Rawson
|
0-0: Swinging Strike 0-1: Ball 1-1: Foul Ball, location: 2F 1-2: Fly out, F8 (Flyball, 8LXD, EV 98.1 MPH)
|
| Top of the 6th over - 0 runs, 0 hits, 0 errors, 0 left on base; University of Nebraska 0 - Arizona State University 1 |
| BOTTOM OF THE 6TH |
|
Arizona State University Sun Devils batting - Pitching for University of Nebraska Cornhuskers : RHP Jong-hoon Hahn
|
|
Pitching: RHP Alessandro Cuoco
|
|
|
Batting: LHB Eric Russell
|
0-0: Foul Ball, location: 2F 0-1: Fly out, F8 (Flyball, 78M, EV 81.9 MPH)
|
|
Batting: LHB Justin Vitali
|
0-0: Called Strike 0-1: Ball 1-1: Foul Ball, location: 2F 1-2: Ball 2-2: Strikes out looking
|
|
Batting: LHB Randy Marquez
|
0-0: Ball 1-0: Ball 2-0: Fly out, F8 (Flyball, 78S, EV 90.0 MPH)
|
| Bottom of the 6th over - 0 runs, 0 hits, 0 errors, 0 left on base; University of Nebraska 0 - Arizona State University 1 |
| TOP OF THE 7TH |
|
University of Nebraska Cornhuskers batting - Pitching for Arizona State University Sun Devils : RHP Vogte Brown
|
|
Pitching: RHP Zhang Hsieh
|
|
|
Batting: RHB Matt Peters
|
0-0: Foul Ball, location: 2F 0-1: Called Strike 0-2: Foul Ball, location: 2F 0-2: Foul Ball, location: 2F 0-2: Foul Ball, location: 2F 0-2: Foul Ball, location: 2F 0-2: Foul Ball, location: 2F 0-2: Foul Ball, location: 2F 0-2: Ball 1-2: Ball 2-2: Fly out, F8 (Flyball, 8RM, EV 86.9 MPH)
|
|
Pinch Hitting: RHB Mario Lopec
|
0-0: Called Strike 0-1: Foul Ball, location: 2F 0-2: Strikes out swinging
|
|
Batting: LHB Kevin Brannon
|
0-0: Called Strike 0-1: Called Strike 0-2: Strikes out swinging
|
| Top of the 7th over - 0 runs, 0 hits, 0 errors, 0 left on base; University of Nebraska 0 - Arizona State University 1 |
| BOTTOM OF THE 7TH |
|
Arizona State University Sun Devils batting - Pitching for University of Nebraska Cornhuskers : RHP Alessandro Cuoco
|
|
Now at 3B: Mario Lopec
|
|
|
Batting: LHB Dustin Gill
|
0-0: Ball 1-0: Ground out 4-3 (Groundball, 4, EV 100.0 MPH)
|
|
Batting: RHB Hervé Papin
|
0-0: Foul Ball, location: 2F 0-1: Called Strike 0-2: Ball 1-2: Foul Ball, location: 2F 1-2: Ball 2-2: Ball 3-2: Base on Balls
|
|
Batting: LHB Burraga Iukini
|
0-0: Ball Hervé Papin steals 2nd base 1-0: Called Strike 1-1: Ball 2-1: Foul Ball, location: 2F 2-2: SINGLE (Flyball, 6D, EV 86.2 MPH) Hervé Papin to third
|
|
Batting: RHB Carl Evans
|
0-0: Foul Ball, location: 2F 0-1: Ball 1-1: Foul Ball, location: 2F 1-2: Foul Ball, location: 2F 1-2: Strikes out swinging
|
|
Batting: LHB Timon Giorgiou
|
0-0: Swinging Strike 0-1: Called Strike 0-2: Strikes out swinging
|
| Bottom of the 7th over - 0 runs, 1 hit, 0 errors, 2 left on base; University of Nebraska 0 - Arizona State University 1 |
| TOP OF THE 8TH |
|
University of Nebraska Cornhuskers batting - Pitching for Arizona State University Sun Devils : RHP Zhang Hsieh
|
|
Batting: LHB Bob Appleby
|
0-0: Called Strike 0-1: Swinging Strike 0-2: Ball 1-2: Ball 2-2: Fly out, F8 (Flyball, 8RD, EV 101.2 MPH)
|
|
Pinch Hitting: LHB Jorge Morales
|
0-0: SINGLE (Groundball, 34D, EV 99.4 MPH)
|
|
Pitching: RHP Josh Wolford
|
|
|
Batting: RHB Tariq Garane
|
0-0: Ball 1-0: Grounds into double play, 1-6-3 (Groundball, 13, EV 71.2 MPH)
|
| Top of the 8th over - 0 runs, 1 hit, 0 errors, 0 left on base; University of Nebraska 0 - Arizona State University 1 |
| BOTTOM OF THE 8TH |
|
Arizona State University Sun Devils batting - Pitching for University of Nebraska Cornhuskers : RHP Alessandro Cuoco
|
|
Pitching: RHP Felix Amaro
|
|
|
Now in LF: Avicenna Abdul-Muta'al
|
|
|
Now in CF: Mike Rawson
|
|
|
Batting: RHB Rusty Gee
|
0-0: Called Strike 0-1: Swinging Strike 0-2: Fly out, F7 (Flyball, 78M, EV 90.0 MPH)
|
|
Batting: LHB Eric Russell
|
0-0: Ball 1-0: Foul Ball, location: 2F 1-1: Ball 2-1: Reached on error, E6 (Groundball, 56D, EV 86.2 MPH)
|
|
Batting: LHB Justin Vitali
|
0-0: Called Strike 0-1: Called Strike Eric Russell steals 2nd base (no throw) 0-2: Foul Ball, location: 2F 0-2: Ball 1-2: Strikes out looking
|
|
Batting: LHB Randy Marquez
|
0-0: Ball 1-0: Ball 2-0: Ball 3-0: Called Strike 3-1: Base on Balls
|
|
Batting: LHB Dustin Gill
|
0-0: Foul Ball, location: 2F 0-1: Ball 1-1: Ball Eric Russell steals 3rd base 2-1: Swinging Strike 2-2: Foul Ball, location: 2F 2-2: Fly out, F8 (Flyball, 8RM, EV 92.5 MPH)
|
| Bottom of the 8th over - 0 runs, 0 hits, 1 error, 2 left on base; University of Nebraska 0 - Arizona State University 1 |
| TOP OF THE 9TH |
|
University of Nebraska Cornhuskers batting - Pitching for Arizona State University Sun Devils : RHP Josh Wolford
|
|
Batting: RHB Carlos Salazar
|
0-0: Reached on error, E4 (Groundball, 4S, EV 78.1 MPH)
|
|
Batting: SHB Gary Luckwell
|
0-0: Fielders Choice at 2nd, 4-6 (Groundball, 34, EV 86.2 MPH)
|
|
Batting: LHB Mike Rawson
|
0-0: Ball Gary Luckwell is caught stealing 2nd base 2-6 1-0: Ground out 6-3 (Groundball, 6M, EV 82.5 MPH)
|
| Top of the 9th over - 0 runs, 0 hits, 1 error, 0 left on base; University of Nebraska 0 - Arizona State University 1 |
|